 Dungeon Crawl Stone Soup version 0.29.0-11-gd7f09526c8 (webtiles) character file.

Game seed: 9649274786147125716

133 xian the Sneak (level 5, -11/32 HPs)
             Began as a Tengu Delver on Sept 3, 2022.
             Mangled by Edmund
             ... wielding a +2 dire flail of protection
              (15 damage)
             ... on level 4 of the Dungeon.
             The game lasted 00:10:33 (3486 turns).

xian the Sneak (Tengu Delver)                       Turns: 3486, Time: 00:10:34

Health: -11/32     AC:  3    Str: 14    XL:     5   Next: 16%
Magic:  6/6        EV: 14    Int: 11    God:
Gold:   102        SH:  0    Dex: 15    Spells: 4/4 levels left

rFire   + . .      SeeInvis .   k - +2 dagger (pain)
rCold   . . .      Faith    .   (no shield)
rNeg    . . .      Spirit   .   b - +0 leather armour
rPois   .          Reflect  .   (helmet restricted)
rElec   .          Harm     .   (no cloak)
rCorr   .          Rampage  .   (no gloves)
Will    .....                   (boots unavailable)
Stlth   +++.......              (no amulet)
HPRegen 0.10/turn               r - ring of wizardry
MPRegen 0.10/turn               t - ring of protection from fire

@: flying quickly and evasively, quick
A: beak, talons 3, nimble flight
a: no special abilities


You were on level 4 of the Dungeon.
You visited 1 branch of the dungeon, and saw 5 of its levels.

You collected 102 gold pieces.

Inventory:

Hand Weapons
 a - a +0 spear
 k - a +2 dagger of pain (weapon)
Armour
 b - a +0 leather armour (worn)
Magical Staves
 p - a staff of earth
Jewellery
 r - a ring of wizardry (left hand)
 t - a ring of protection from fire (right hand)
Wands
 g - a wand of digging (3)
 j - a wand of flame (9)
Scrolls
 c - a scroll of fog
 d - a scroll of magic mapping
 e - a scroll of fear
 i - a scroll of immolation {unknown}
Potions
 f - a potion of haste
 h - 3 potions of curing {unknown}
 m - a potion of heal wounds {unknown}
 n - 2 potions of berserk rage {unknown}
 o - 2 potions of degeneration {unknown}
 q - 2 potions of mutation {unknown}
 u - a potion of ambrosia {unknown}
 v - a potion of attraction {unknown}


   Skills:
 + Level 3.4 Fighting
 + Level 2.0 Short Blades
 + Level 2.2 Polearms
 + Level 0.1 Throwing
 + Level 1.0 Armour
 + Level 2.4 Dodging
 + Level 6.2 Stealth


You had 4 spell levels left.
You didn't know any spells.
Your spell library contained the following spells:

 Spells                   Type           Power      Damage    Failure   Level
 Scorch                   Fire           0%         2d5       26%         2
 Conjure Flame            Conj/Fire      0%         6-21      45%         3
 Ignite Poison            Fire/Tmut/Pois 0%         N/A       45%         3
 Ozocubu's Armour         Ice            0%         N/A       45%         3
 Portal Projectile        Hex/Tloc       0%         N/A       45%         3
 Tukima's Dance           Hex            0%         N/A       45%         3
 Flame Wave               Conj/Fire      0%         2d4       83%         4
 Sticky Flame             Conj/Fire      0%         2d3       83%         4
 Blade Hands              Tmut           0%         N/A       99%         5
 Metabolic Englaciation   Hex/Ice        0%         N/A       99%         5
 Summon Forest            Summ/Tloc      0%         N/A       99%         5
 Summon Mana Viper        Hex/Summ       0%         N/A       99%         5
 Simulacrum               Ice/Necr       0%         N/A       100%        6
 Summon Cactus Giant      Summ           0%         N/A       100%        6


Dungeon Overview and Level Annotations

Branches:
Dungeon (5/15)
 Temple: D:4-7

Altars:
Sif Muna

Annotations:
D:4 Edmund


Innate Abilities, Weirdness & Mutations

You have a beak for a mouth.
You have claws for feet.
Your magical nature lets you fly swiftly and evasively.


Message History

The puff of flame misses Edmund.
You hit Edmund but do no damage. You peck Edmund, but do no damage.
Okay, then.
You throw a poisoned dart. The poisoned dart hits Edmund.
Edmund is poisoned.
Edmund completely misses you.
You throw a poisoned dart. The poisoned dart barely misses Edmund.
Edmund completely misses you.
You throw a poisoned dart.
The poisoned dart closely misses Edmund.
Edmund misses you.
You throw a curare-tipped dart.
The curare-tipped dart closely misses Edmund.
Edmund hits you with a +2 dire flail of protection.
You throw a curare-tipped dart. The curare-tipped dart hits Edmund.
Edmund looks even sicker.
Edmund convulses.
Edmund seems to slow down.
Edmund is lightly wounded.
Edmund hits you with a +2 dire flail of protection.
Unknown command.
You hit Edmund but do no damage. Your peck misses Edmund.
Edmund is lightly wounded.
Edmund barely misses you.
You hit Edmund. You claw Edmund, but do no damage.
Edmund is moderately wounded.
You hit Edmund but do no damage. You claw Edmund, but do no damage.
Your peck misses Edmund.
Edmund is moderately wounded.
Edmund says, "What use are spells, anyway?"
Edmund hits you with a +2 dire flail of protection!
You closely miss Edmund. Your peck misses Edmund.
Edmund is moderately wounded.
You hit Edmund. You claw Edmund, but do no damage. You peck Edmund.
Edmund is heavily wounded.
Edmund hits you with a +2 dire flail of protection!
* * * LOW HITPOINT WARNING * * *
You hit Edmund. You claw Edmund.
Edmund is severely wounded.
You hit Edmund but do no damage. You claw Edmund.
Edmund is almost dead.
Edmund hits you with a +2 dire flail of protection!
You die...

##### #.# ##...........
#......#.###....########
# #......#......#.#
#.##......#..###.#.#
#...........## #.#.#
#........##.# #.#.#
#........##)# #.#.#
#........#..# #.#.#
#..(../>.@@## #.#.#
#........### .#
#........# #........#
#........# #.?..<...#
#........# #........#


You could see Edmund (very poisoned, slow).

Vanquished Creatures
  6 adders
  2 worms
  3 dart slugs
  10 orcs
  3 ball pythons
  6 bats
  3 endoplasms
  A giant cockroach (D:2)
  6 hobgoblins
  6 kobolds
  3 quokkas
  2 goblins
  6 rats
57 creatures vanquished.

Notes
Turn   | Place    | Note
-------+----------+-------------------------------------------
     0 | D:5      | xian the Tengu Delver began the quest for the Orb.
     0 | D:5      | Reached XP level 1. HP: 14/14 MP: 2/2
   157 | D:4      | Reached XP level 2. HP: 12/19 MP: 3/3
   506 | D:3      | Reached XP level 3. HP: 23/23 MP: 4/4
  1261 | D:2      | Reached skill level 1 in Short Blades
  1261 | D:2      | Reached XP level 4. HP: 23/28 MP: 5/5
  1369 | D:2      | Found a shimmering blue altar of Sif Muna.
  1380 | D:2      | Reached skill level 6 in Stealth
  1642 | D:1      | Found a faded altar of an unknown god.
  2368 | D:3      | Reached skill level 1 in Armour
  2807 | D:3      | Gained mutation: Your magical nature lets you fly swiftly
                  | and evasively. [Tengu growth]
  2807 | D:3      | Reached XP level 5. HP: 18/32 MP: 6/6
  3467 | D:4      | Noticed Edmund
  3486 | D:4      | Mangled by Edmund

Illustrated notes

Levels and vault maps discovered:
D:1:      minmay_arrival_checkered_box, layout_basic,
          dreamdust_ecumenical_altar_grove
D:2:      layout_basic, basic_altar, minivault_24, minivault_24,
          corexii_leaking_fountain, nicolae_concentric_dashed_squares_mild,
          st_stairs_11
D:3:      layout_basic, grunt_decor_one_mirror
D:4:      layout_basic, kennysheep_small_square, uniq_edmund, uniq_ijyb
D:5:      layout_loops_corners, marbit_many_paths,
          minmay_temple_entry_purple_smoke, fountainhead

Skill      XL: |  1  2  3  4  5 |
---------------+----------------+-----
Short Blades   | 1 2 |  2.0
Stealth        | 6 |  6.2
Armour         | 1 |  1.0
Fighting       | |  3.4
Polearms       | |  2.2
Throwing       | |  0.1
Dodging        | |  2.4

Action                   |  1- 3 |  4- 6 || total
-------------------------+-------+-------++-------
Melee: Spear             |     8 |       ||     8
       Kick              |    14 |    20 ||    34
       Peck              |     8 |    13 ||    21
       Dagger            |    46 |    77 ||   123
Throw: Dart              |     4 |     9 ||    13
Evoke: Wand              |     3 |     1 ||     4
 Stab: Sleeping          |     1 |    15 ||    16
Armor: Leather armour    |    19 |     5 ||    24
Dodge: Dodged            |    43 |    35 ||    78
